 Dungeon Crawl Stone Soup version 0.25.1-8-g42b30a86e7 (webtiles) character file.

Game seed: 18244135235348567309

5815 funkygono the Magician (level 10, -11/82 HPs)
             Began as a Red Draconian Ice Elementalist on Dec 14, 2020.
             Was an Elder of Vehumet.
             Killed by the air
             ... invoked by Gastronok
              (31 damage)
             ... on level 8 of the Dungeon.
             The game lasted 00:29:40 (10119 turns).

funkygono the Magician (DrIE)                      Turns: 10119, Time: 00:29:42

Health: -11/82     AC: 17    Str: 12    XL:     10   Next: 51%
Magic:  18/21      EV: 18    Int: 18    God:    Vehumet [****..]
Gold:   742        SH:  0    Dex: 11    Spells: 16/24 levels left

rFire    . . .     SeeInvis .   e - +4 whip
rCold    + . .     Gourm    .   (no shield)
rNeg     . . .     Faith    .   (armour unavailable)
rPois    .         Spirit   .   x - +1 hat
rElec    .         Reflect  .   p - +2 cloak {MR+}
rCorr    .         Harm     .   k - +2 pair of gloves
MR       +....                  h - +2 pair of boots
Stlth    ++........             s - amulet of the acrobat
HPRegen  0.23/turn              t - +4 ring of evasion
MPRegen  0.17/turn              n - ring of ice

@: frozen ramparts, slowed, very slow
A: breathe fire, unfitting armour, fire resistance 1, cold-blooded, AC +7
a: Breathe Fire, Renounce Religion


You were on level 8 of the Dungeon.
You worshipped Vehumet.
Vehumet was greatly pleased with you.
You were not hungry.

You visited 2 branches of the dungeon, and saw 9 of its levels.
You also visited: Bailey.

You collected 931 gold pieces.
You spent 189 gold pieces at shops.

Inventory:

Hand Weapons
 e - a +4 whip (weapon)
Missiles
 z - 225 stones (quivered)
Armour
 h - a +2 pair of boots (worn)
 k - a +2 pair of gloves (worn)
 p - a +2 cloak of magic resistance (worn)
 x - a +1 hat (worn)
 B - a +2 buckler of fire resistance
Jewellery
 f - an uncursed ring of wizardry
 g - an uncursed ring of see invisible
 n - a ring of ice (right hand)
 s - an amulet of the acrobat (around neck)
 t - a +4 ring of evasion (left hand)
 y - an uncursed amulet of guardian spirit
 D - an uncursed ring of stealth
Wands
 c - a wand of paralysis (5)
 q - a wand of clouds (5)
 v - a wand of iceblast (8)
 A - a wand of enslavement (7)
 F - a wand of flame (10)
 G - a wand of polymorph (11)
Scrolls
 a - 7 scrolls of remove curse
 m - 6 scrolls of teleportation
 o - 4 scrolls of fog
 C - a scroll of identify
Potions
 d - 2 potions of mutation
 i - 3 potions of curing
 l - 2 potions of stabbing
 r - a potion of ambrosia {unknown}
 u - 2 potions of brilliance
 w - a potion of flight {unknown}
 E - a potion of lignification {unknown}
Comestibles
 b - 17 rations
 H - 10 chunks of flesh


   Skills:
 * Level 5.6 Fighting
 * Level 7.5 Maces & Flails
 * Level 5.6 Dodging
 - Level 2.0 Stealth
 + Level 7.6 Spellcasting
 + Level 1.5 Transmutations
 + Level 2.2 Fire Magic
 + Level 6.8 Ice Magic
 + Level 1.6 Earth Magic
 + Level 1.7 Poison Magic


You had 16 spell levels left.
You knew the following spells:

 Your Spells              Type           Power        Failure   Level  Hunger
a - Freeze                Ice            ####         1%          1    None
b - Frozen Ramparts       Ice            #####.       1%          3    #......
c - Sandblast             Erth           ##....       1%          1    None
d - Ignite Poison         Fire/Tmut/Pois ##......     4%          3    #......

Your spell library contained the following spells:

 Spells                   Type           Power        Failure   Level  Hunger
 Iskenderun's Battlesphe  Conj/Chrm      #.......     54%         5    #####..
 Inner Flame              Hex/Fire       ##......     5%          3    #......
 Hailstorm                Conj/Ice       ####....     7%          4    ###....
 Ozocubu's Armour         Chrm/Ice       ####....     8%          3    #......
 Corona                   Hex            #......      11%         1    None
 Slow                     Hex            #.......     16%         2    None
 Summon Ice Beast         Ice/Summ       ####....     26%         4    ###....
 Portal Projectile        Hex/Tloc       #.....       30%         3    #......
 Leda's Liquefaction      Hex/Erth       #.........   56%         4    ###....
 Cause Fear               Hex            #.........   71%         4    ###....


Dungeon Overview and Level Annotations

Branches:
Dungeon (8/15)             Temple (1/1) D:5            Lair (0/6) D:8
 Bailey (visited)

Altars:
Ashenzari
Cheibriados
Dithmenos
Elyvilon
Fedhas
Gozag
Hepliaklqana
Kikubaaqudgha
Makhleb
Nemelex Xobeh
Okawaru
Qazlal
Ru
Sif Muna
Trog
Uskayaw
Vehumet
Wu Jian
Xom
Yredelemnul
Zin
The Shining One

Shops:
D:4 }   D:5 *   D:6 %

Annotations:
D:7 2 transporters, t4s4d4r's ghost, novice GnSk
D:8 Gastronok


Innate Abilities, Weirdness & Mutations

You can breathe blasts of fire.
Your fiery red scales are hard. (AC +7)
You cannot fit into any form of body armour.
Your flesh is heat resistant. (rF+)
You are cold-blooded and may be slowed by cold attacks.


Message History

You feel a surge of power!
The walls around you are covered in ice.
The wall freezes Gastronok!
Unknown command.
The wall freezes Gastronok!
Gastronok casts a spell.
You feel a sudden urge to swivel your nonexistent eyestalks around.
The wall freezes Gastronok.
Gastronok looks at you and mumbles some strange words.
You resist with significant effort.
The frozen ramparts melt away.
Gastronok's eyestalks quiver as he mumbles some strange words.
Your skin takes on a slight green cast.
Casting: Frozen Ramparts (safe; 1% risk of failure)
Confirm with . or Enter, or press ? or * to list all spells.
You feel a surge of power!
The walls around you are covered in ice.
Gastronok waves his eye-stalks in wide circles.
The air twists around and strikes you!!
You die...

....##############'#####
...###...........#w#
......####..####w#.#####
#.....# #.w# #.......#
####### #..# ###.###.#
#..# #.# #.# #..# #.#
#.# #.w######.# #.#
#......@..# #.#
#.######### #.# #.# #.#
#.# #.# #.# #.# #.# #.#
#####.# #.# #.....# #.#
#.##### #.#


You could see Gastronok (swift).

Vanquished Creatures
  Prince Ribbit (D:6)
  Grinder (D:6)
  A hippogriff (D:8)
  2 wargs (D:8)
  A water moccasin (D:4)
  A sky beast (D:7)
  3 black bears
  3 ice beasts
  10 orc warriors
  5 ogres
  A necrophage (D:4)
  3 centaurs
  8 big kobolds (D:6)
  3 bullfrogs
  A wyvern zombie (D:8)
  4 scorpions
  A howler monkey (D:5)
  5 electric eels (D:6)
  4 crimson imps
  3 hounds
  A centaur skeleton (D:7)
  7 orc priests
  A gnoll shaman (D:4)
  A jelly (D:7)
  A bullfrog skeleton (D:7)
  3 worker ants
  An iguana (D:8)
  8 orc wizards
  A hound skeleton (D:8)
  A worker ant zombie (D:7)
  A howler monkey zombie (D:6)
  13 gnolls
  6 adders
  A howler monkey skeleton (D:5)
  3 adder skeletons
  3 worms
  5 dart slugs
  45 orcs
  7 giant cockroaches
  14 goblins
  12 hobgoblins
  13 jackals
  4 quokkas
  A ball python (D:3)
  7 bats
  7 frilled lizards
  2 jackal skeletons
  65 kobolds
  2 leopard gecko skeletons
  A quokka zombie (D:7)
  5 rats
303 creatures vanquished.

Vanquished Creatures (others)
  A plant (D:8)
1 creature vanquished.

Grand Total: 304 creatures vanquished

Notes
Turn   | Place    | Note
-------+----------+-------------------------------------------
     0 | D:1      | funkygono the Draconian Ice Elementalist began the quest
                  | for the Orb.
     0 | D:1      | Reached XP level 1. HP: 14/14 MP: 3/3
   404 | D:1      | Reached XP level 2. HP: 16/20 MP: 1/5
   900 | D:1      | Reached XP level 3. HP: 21/26 MP: 3/6
  1424 | D:1      | Learned a level 3 spell: Frozen Ramparts
  1931 | D:2      | Reached XP level 4. HP: 33/33 MP: 2/7
  2231 | D:3      | Reached skill level 1 in Maces & Flails
  2411 | D:3      | Reached skill level 5 in Ice Magic
  2723 | D:3      | Reached XP level 5. HP: 33/39 MP: 2/9
  3302 | D:4      | Reached skill level 1 in Fighting
  3376 | D:4      | Reached XP level 6. HP: 44/47 MP: 2/11
  3551 | D:4      | Noticed a water moccasin
  3556 | D:4      | Found Ditzo's Gadget Shoppe.
  3564 | D:4      | Killed a water moccasin
  3767 | D:4      | Noticed an ice beast
  3783 | D:4      | Killed an ice beast
  3798 | D:4      | Your scales start taking on a fiery red colour.
  3798 | D:4      | Reduced skill Ice Magic to level 5
  3798 | D:4      | Reached XP level 7. HP: 53/54 MP: 11/13
  3798 | D:4      | Gained mutation: Your flesh is heat resistant. (rF+) [Red
                  | Draconian growth]
  4114 | D:5      | Entered Level 5 of the Dungeon
  4261 | D:5      | Found a staircase to the Ecumenical Temple.
  4280 | D:5      | Found Vafruel's Assorted Antiques.
  4283 | D:5      | Bought an embroidered hat for 189 gold pieces
  4300 | Temple   | Entered the Ecumenical Temple
  4589 | Temple   | Became a worshipper of Vehumet
  4640 | D:5      | Reached skill level 5 in Spellcasting
  4640 | D:5      | Reached XP level 8. HP: 61/61 MP: 10/15
  4935 | D:5      | Found an ancient bone altar of Kikubaaqudgha.
  5157 | D:6      | Noticed Grinder
  5165 | D:6      | Found Nalic's Food Boutique.
  5205 | D:6      | Killed Grinder
  5414 | D:6      | Reached * piety under Vehumet
  5414 | D:6      | Offered knowledge of Sandblast by Vehumet.
  5421 | D:6      | Learned a level 1 spell: Sandblast
  5654 | D:6      | Reached skill level 5 in Maces & Flails
  5970 | D:6      | Found a shimmering blue altar of Sif Muna.
  6290 | D:6      | HP: 1/63 [electric eel/bolt of electricity (9)]
  6967 | D:6      | Reached XP level 9. HP: 71/71 MP: 13/17
  7120 | D:6      | Reached ** piety under Vehumet
  7121 | D:6      | Offered knowledge of Magic Dart by Vehumet.
  7196 | D:6      | Noticed Prince Ribbit
  7218 | D:6      | Killed Prince Ribbit
  7448 | D:6      | Offered knowledge of Ignite Poison by Vehumet.
  7795 | D:6      | Identified a scroll of acquirement
  7795 | D:6      | Acquired a +2 buckler of fire resistance
  7804 | D:6      | Learned a level 3 spell: Ignite Poison
  7901 | D:7      | Reached *** piety under Vehumet
  7908 | D:7      | Reached skill level 1 in Fire Magic
  8004 | D:7      | Reached skill level 5 in Dodging
  8090 | D:7      | Found a flagged portal.
  8149 | Bailey   | Entered a bailey
  8168 | Bailey   | Offered knowledge of Airstrike by Vehumet.
  8243 | Bailey   | Reached skill level 1 in Transmutations
  8243 | Bailey   | Reached skill level 1 in Earth Magic
  8243 | Bailey   | Reached skill level 1 in Poison Magic
  8263 | Bailey   | Reached skill level 5 in Fighting
  8266 | Bailey   | Reached XP level 10. HP: 80/81 MP: 18/20
  8393 | D:7      | Found a transporter.
  8397 | D:7      | Noticed t4s4d4r's ghost (novice GnSk)
  8418 | D:7      | Found a transporter.
  8436 | D:7      | Reached **** piety under Vehumet
  9299 | D:8      | Offered knowledge of Iskenderun's Battlesphere by Vehumet.
  9385 | D:8      | Found a staircase to the Lair.
  9542 | D:8      | Noticed Gastronok
 10119 | D:8      | Killed from afar by Gastronok

Illustrated notes

Levels and vault maps discovered:
D:1:      wheals_arrival_linesprint, layout_basic, minmay_door_square,
          minmay_stone_trees_medium, minmay_statues_item
D:2:      layout_rooms, first_ration, chequers_garden
D:3:      layout_loops_ring, minmay_between
D:4:      layout_rooms, serial_shops, shop
D:5:      layout_basic, kennysheep_mini_moat, minmay_temple_entry_sparse_star,
          serial_shops, nicolae_shop_behind_doors
D:6:      minmay_goblin_kobold_castle, layout_loops_ring, serial_shops, shop,
          basic_altar, minmay_misc_feat_cross, minmay_curled_crystal,
          grunt_decor_arrowhead, uniq_grinder, uniq_prince_ribbit1
D:7:      layout_rooms, gammafunk_ghost_stat_death, enter_bailey_2,
          grunt_ogre_cave, st_stairs_10
D:8:      layout_basic, erik_lair_orcish_takeover, uniq_gastronok
Temple:   nicolae_temple_the_god_donut

Skill      XL: |  1  2  3  4  5  6  7  8  9 10 |
---------------+-------------------------------+-----
Stealth        | 2 |  2.0
Dodging        | 2 3 4 5 |  5.6
Maces & Flails | 1 2 3 5 6 7 |  7.5
Ice Magic      | 5 5 6 |  6.8
Spellcasting   | 3 4 5 7 |  7.6
Fighting       | 1 2 3 5 |  5.6
Fire Magic     | 2 |  2.2
Transmutations | 1 |  1.5
Earth Magic    | 1 |  1.6
Poison Magic   | 1 |  1.7

Action                   |  1- 3 |  4- 6 |  7- 9 | 10-12 || total
-------------------------+-------+-------+-------+-------++-------
Melee: Mace              |    46 |       |       |       ||    46
       Tailslap          |     5 |     9 |    23 |    12 ||    49
       Whip              |    17 |    96 |   285 |   107 ||   505
 Cast: Freeze            |    50 |    29 |     1 |       ||    80
       Frozen Ramparts   |     1 |    11 |    36 |    19 ||    67
       Sandblast         |       |       |    28 |     8 ||    36
 Abil: Breathe Fire      |       |       |     4 |     1 ||     5
  Use: Scroll            |     5 |       |     7 |       ||    12
       Potion            |       |       |     1 |     1 ||     2
 Stab: Sleeping          |     1 |       |     1 |       ||     2
  Eat: Chunk             |     4 |     7 |    10 |     6 ||    27
       Ration            |       |       |     2 |       ||     2
Armor: Skin              |    34 |    50 |    66 |    20 ||   170
Dodge: Dodged            |    78 |    76 |   370 |    81 ||   605
